 Dungeon Crawl Stone Soup version 0.29-a0-40-g8eb35efe60 (webtiles) character file.

Game seed: 2315874914992993616

193805 agentchuck the Bewitcher (level 17, -12/103 HPs)
             Began as a Spriggan Enchanter on Jan 31, 2022.
             Shot with an arrow by a deep elf master archer (34 damage)
             ... on level 3 of the Elven Halls on Feb 2, 2022.
             The game lasted 03:52:52 (46624 turns).

agentchuck the Bewitcher (Spriggan Enchanter)      Turns: 46624, Time: 03:52:53

Health: -12/103    AC: 11    Str:  5    XL:     17   Next: 65%
Magic:  51/54      EV: 23    Int: 18    God:
Gold:   1198       SH:  0    Dex: 22    Spells: 14/44 levels left

rFire   + + +      SeeInvis +   w - +9 short sword of Ambiguity {vorpal, rF++}
rCold   + . .      Faith    .   (no shield)
rNeg    + . .      Spirit   .   J - +0 swamp dragon scales
rPois   +          Reflect  .   u - +2 hat
rElec   .          Harm     .   W - scarf {rC+ rF+}
rCorr   +          Rampage  .   (gloves unavailable)
Will    ++...                   (boots unavailable)
Stlth   +++++.....              s - amulet of Vitality {Regen+ HP+15}
HPRegen 1.07/turn               R - ring "Juveafei" {rCorr MP+9 Dex+4}
MPRegen 0.34/turn               S - ring of Moodiness {rF+ rN+ MP+9 Str-3 SInv}

@: very slightly contaminated, very quick
A: very small, no large weapons, unfitting armour, see invisible, speed 3
}: 1/15 runes: decaying
a: no special abilities


You were on level 3 of the Elven Halls.
You visited 5 branches of the dungeon, and saw 30 of its levels.
You also visited: Sewer, Bailey, Gauntlet and Ice Cave.

You collected 2845 gold pieces.
You spent 1647 gold pieces at shops.


Innate Abilities, Weirdness & Mutations

You are very small and have problems with some larger weapons.
You are too small for most types of armour.
You have supernaturally acute eyesight. (SInv)
You cover ground extremely quickly. (Speed+++)


   Skills:
 + Level 9.6 Fighting
 - Level 13.1 Short Blades
 - Level 6.4 Armour
 - Level 15.0 Dodging
 - Level 13.0 Stealth
 + Level 5.7 Shields
 + Level 14.0 Spellcasting
 - Level 4.1 Conjurations
 - Level 16.4 Hexes
 + Level 2.9 Ice Magic
 - Level 9.9 Air Magic
 + Level 1.7 Earth Magic
 - Level 0.4 Poison Magic
 - Level 9.0 Evocations


You had 14 spell levels left.
You knew the following spells:

 Your Spells              Type           Power      Damage    Failure   Level
a - Apportation           Tloc           24%        N/A       21%         1
d - Tukima's Dance        Hex            64%        N/A       1%          3
e - Passwall              Tmut/Erth      12%        N/A       22%         2
f - Fulminant Prism       Conj/Hex       24%        3d13      3%          4
i - Swiftness             Air            48%        N/A       1%          3
k - Airstrike             Air            24%        N/A       3%          4
o - Confusing Touch       Hex            64%        N/A       1%          3
p - Poisonous Vapours     Pois/Air       62%        N/A       3%          2
w - Stone Arrow           Conj/Erth      46%        3d9       19%         3
z - Ensorcelled Hibernat  Hex/Ice        94%        N/A       1%          2
X - Dazzling Flash        Conj/Hex       98%        N/A       1%          3

Your spell library contained the following spells:

 Spells                   Type           Power      Damage    Failure   Level
 Shock                    Conj/Air       100%       1d9       1%          1
 Summon Guardian Golem    Hex/Summ       42%        N/A       1%          3
 Magic Dart               Conj           100%       1d8       3%          1
 Corpse Rot               Necr/Air       60%        N/A       4%          2
 Searing Ray              Conj           54%        2d6       5%          2
 Sting                    Tmut/Pois      52%        1d5       19%         1
 Animate Skeleton         Necr           24%        N/A       21%         1
 Pain                     Necr           48%        1d6       21%         1
 Summon Small Mammal      Summ           48%        N/A       21%         1
 Summon Lightning Spire   Summ/Air       30%        N/A       26%         4
 Vampiric Draining        Necr           12%        2d6       52%         3
 Iskenderun's Battlesphe  Conj           27%        2d8       69%         5
 Animate Armour           Summ/Erth      30%        N/A       80%         4
 Olgreb's Toxic Radiance  Pois           14%        N/A       86%         4
 Iron Shot                Conj/Erth      11%        9d3       100%        6
 Summon Cactus Giant      Summ           6%         N/A       100%        6
 Malign Gateway           Summ/Tloc      6%         N/A       100%        7
 Spellforged Servitor     Conj/Summ      10%        N/A       100%        7
 Storm Form               Tmut/Air       15%        N/A       100%        7
 Lehudib's Crystal Spear  Conj/Erth      11%        10d4      100%        8
 Maxwell's Capacitive Co  Air            24%        ∞         100%        8

Inventory:

Hand Weapons
 e - a +1 quick blade of flaming
 w - the +9 short sword of Ambiguity (weapon) {vorpal, rF++}
   (You found it on level 3 of the Elven Halls)

   It inflicts extra damage upon your enemies.
   rF:        It greatly protects you from fire.
Missiles
 k - 3 atropa-tipped darts (quivered)
 o - 53 poisoned darts
 B - 2 silver boomerangs
 E - 19 boomerangs
Armour
 h - a +2 buckler
 r - a +2 cloak
 t - the +6 storm dragon scales of Midwinter {rElec rF+ Str+3}
   (You found it on level 6 of the Lair of Beasts)

   Str:       It affects your strength (+3).
   rF:        It protects you from fire.
   rElec:     It insulates you from electricity.
 u - a +2 hat (worn)
 J - +0 swamp dragon scales (worn)
 W - a scarf of resistance (worn)
Jewellery
 s - the amulet of Vitality (around neck) {Regen+ HP+15}
   (You found it on level 9 of the Dungeon)

   [amulet of regeneration]

   HP:        It affects your health (+15).
   Regen:     It increases your rate of health regeneration.
 O - the ring of Ru's Whim {Ice MP+9 Slay+5}
   (You took it off a deep elf death mage on level 3 of the Elven Halls)

   [ring of ice]

   It enhances your ice magic.
   Slay:      It affects your accuracy & damage with ranged weapons and melee
   (+5).
   rF:        It makes you vulnerable to fire.
   rC:        It protects you from cold.
   MP:        It affects your magic capacity (+9).
 R - the ring "Juveafei" (left hand) {rCorr MP+9 Dex+4}
   (You took it off a minotaur in a Gauntlet)

   [ring of resist corrosion]

   Dex:       It affects your dexterity (+4).
   MP:        It affects your magic capacity (+9).
   rCorr:     It protects you from acid and corrosion.
 S - the ring of Moodiness (right hand) {rF+ rN+ MP+9 Str-3 SInv}
   (You found it in a Gauntlet)

   [ring of magical power]

   Str:       It affects your strength (-3).
   rF:        It protects you from fire.
   rN:        It protects you from negative energy.
   MP:        It affects your magic capacity (+9).
   SInv:      It lets you see invisible.
 T - the ring "Mogayxtecad" {Fire Int+2 Dex+3}
   (You found it in a Gauntlet)

   [ring of fire]

   It enhances your fire magic.
   Int:       It affects your intelligence (+2).
   Dex:       It affects your dexterity (+3).
   rF:        It protects you from fire.
   rC:        It makes you vulnerable to cold.
Wands
 f - a wand of paralysis (3)
 m - a wand of iceblast (5)
 y - a wand of digging (9)
 A - a wand of polymorph (6)
 H - a wand of charming (3)
 Q - a wand of acid (10)
 X - a wand of flame (32)
 Z - a wand of mindburst (11)
Scrolls
 i - 6 scrolls of fog
 q - a scroll of identify {@r1}
 C - a scroll of holy word
 D - 3 scrolls of summoning
 F - 2 scrolls of blinking
 G - 13 scrolls of teleportation {@r4}
 K - a scroll of enchant armour
 N - a scroll of fear
 P - 2 scrolls of magic mapping
 U - 3 scrolls of vulnerability {!r}
Potions
 a - a potion of experience {unknown}
 b - 5 potions of haste {@q3}
 c - 2 potions of invisibility
 d - 6 potions of curing {@q1}
 g - a potion of resistance {unknown}
 j - 5 potions of brilliance
 n - 4 potions of heal wounds {@q2}
 p - 8 potions of might
 v - 3 potions of attraction {!q}
 x - a potion of flight
 z - 5 potions of berserk rage {!q}
 I - a potion of magic {unknown}
 L - a potion of ambrosia {unknown}
 M - 4 potions of cancellation
 V - 4 potions of lignification {unknown}
Miscellaneous
 l - a tin of tremorstones (2/2)
 Y - a phial of floods

Dungeon Overview and Level Annotations

Branches:
Dungeon (15/15)            Temple (0/1) D:5            Lair (6/6) D:11
  Swamp (4/4) Lair:3        Snake (0/4) Lair:2        Slime (0/5) Lair:6
    Orc (2/2) D:9             Elf (3/3) Orc:2        Vaults (0/5) D:13
  Sewer (visited)          Bailey (visited)           IceCv (visited)
Gauntlet (visited)
 Depths: D:15

Altars:
Dithmenos
Elyvilon
Trog
Beogh

Shops:
D:1 *   Orc:2 *([:   Elf:1 *(   Elf:2 [   Elf:3 (

Annotations:
D:9 Joseph
D:14 4 runed translucent doors, exclusion: door, Wogiaph's ghost, journeyman OgTm
D:15 Jorgrun
Elf:1 Roxanne
Elf:2 4 runed translucent doors, exclusion: door

.....###.#.####.##
...............#.##
.....##.##.##.###.##
...).##.##.#.## ##.##
......).....#######.#
......)....#.##....##
..#........##..###)##
.##.......###.#=..#.#
.e...e..).# #.#.@.#.#
###.......# #.#[..#.#
# #.....).####.###.##
# #.........e.....##
# ######.######.###
#.# #.# #######.# #.#
##.......# #.#
...#.###.## #.#


You could see a deep elf master archer.


Message History

Okay, then.
Okay, then.
Unknown command.
Unknown command.
Aiming: Mindburst
Press: ? - help, Shift-Dir - straight line, f/p - deep elf master archer
Aim: a deep elf master archer, wielding a +0 longbow, wearing a +0 leather armour and quivering arrows (chance to affect: 27%)
The deep elf master archer easily resists.
The deep elf master archer shoots an arrow.
The arrow completely misses you.
The deep elf master archer shoots an arrow.
The arrow misses you.
Aiming: Mindburst
Press: ? - help, Shift-Dir - straight line, f/p - deep elf master archer
Aim: a deep elf master archer, wielding a +0 longbow, wearing a +0 leather armour and quivering arrows (chance to affect: 27%)
The deep elf master archer easily resists.
The deep elf master archer shoots an arrow.
The arrow hits you!!
The deep elf master archer shoots an arrow.
The arrow hits you!!
Aiming: Mindburst
Press: ? - help, Shift-Dir - straight line, f/p - deep elf master archer
Aim: a deep elf master archer, wielding a +0 longbow, wearing a +0 leather armour and quivering arrows (chance to affect: 27%)
The deep elf master archer easily resists.
The deep elf master archer shoots an arrow.
The arrow hits you!!
* * * LOW HITPOINT WARNING * * *
The deep elf master archer shoots an arrow.
The arrow hits you!!
You die...

Skill      XL: |  1  2  3  4  5  6  7  8  9 10 11 12 13 14 15 16 17 |
---------------+----------------------------------------------------+-----
Hexes          | 4 5 6 7 9 10 11 13 14 15 16 | 16.4
Stealth        | 5 6 7 9 10 12 13 | 13.0
Short Blades   | 2 3 4 5 6 7 8 9 10 11 12 13 | 13.1
Ice Magic      | 1 2 |  2.9
Dodging        | 3 4 6 8 9 12 13 14 15 | 15.0
Spellcasting   | 3 4 5 7 9 10 12 13 14 | 14.0
Conjurations   | 1 3 4 |  4.1
Fighting       | 1 3 4 6 8 9 |  9.6
Armour         | 2 3 4 5 6 |  6.4
Evocations     | 2 5 7 9 |  9.0
Shields        | 1 4 5 |  5.7
Air Magic      | 5 9 |  9.9
Earth Magic    | 1 |  1.7
Poison Magic   | |  0.4

Action                   |  1- 3 |  4- 6 |  7- 9 | 10-12 | 13-15 | 16-18 || total
-------------------------+-------+-------+-------+-------+-------+-------++-------
Melee: Dagger            |    85 |    32 |       |       |       |       ||   117
       Punch             |     1 |     3 |     1 |     8 |     5 |     1 ||    19
       Rapier            |       |   120 |   184 |   358 |   462 |   547 ||  1671
       Whip              |       |     6 |       |       |       |       ||     6
       Short sword       |       |       |       |       |       |     2 ||     2
Throw: Dart              |       |       |     8 |    18 |       |       ||    26
       Boomerang         |       |       |       |       |       |     6 ||     6
 Cast: Ensorcelled Hiber |    29 |    60 |    76 |   162 |   423 |   187 ||   937
       Confusing Touch   |       |       |     9 |    23 |    23 |    25 ||    80
       Dazzling Flash    |       |       |     4 |    13 |    21 |     1 ||    39
       Tukima's Dance    |       |       |       |    12 |     4 |     2 ||    18
       Fulminant Prism   |       |       |       |       |   124 |    75 ||   199
       Poisonous Vapours |       |       |       |       |       |     2 ||     2
       Airstrike         |       |       |       |       |       |   227 ||   227
Evoke: Wand              |       |       |       |     9 |    11 |    49 ||    69
       Tin of tremorston |       |       |       |       |     4 |     3 ||     7
       Phial of floods   |       |       |       |       |       |     2 ||     2
  Use: Scroll            |       |     1 |     4 |     9 |    11 |     6 ||    31
       Potion            |       |       |       |     3 |     2 |     3 ||     8
 Stab: Sleeping          |    24 |    54 |    51 |    86 |   205 |   100 ||   520
       Confused          |       |       |    12 |    30 |    25 |    32 ||    99
       Invisible         |       |       |     2 |     4 |     7 |       ||    13
       Distracted        |       |       |       |       |     2 |     1 ||     3
       Petrifying        |       |       |       |       |     1 |       ||     1
       Petrified         |       |       |       |       |     1 |       ||     1
Armor: Robe              |     9 |    34 |    14 |       |       |       ||    57
       Acid dragon scale |       |       |       |    72 |    99 |       ||   171
       Swamp dragon scal |       |       |       |       |     5 |    77 ||    82
Dodge: Dodged            |    41 |   143 |   120 |   318 |   493 |   370 ||  1485
Block: Other             |       |    19 |    37 |    37 |       |       ||    93
       Reflection        |       |       |     1 |     9 |       |       ||    10
       Buckler           |       |       |       |       |    99 |   218 ||   317

Levels and vault maps discovered:
D:1:      tarquinn_simple_flora_water_c, layout_basic, serial_shops,
          nicolae_shop_waterfront, kennysheep_crisscross,
          minmay_stone_trees_small
D:2:      layout_basic, st_stairs_3, nicolae_figureground_pulse
D:3:      minmay_octagon_keep, layout_loops_ring, elyvilon_altar_5,
          shapermc_ecumenical_altar_hornbeckon, uniq_jessica,
          uniq_crazy_yiuf_cottage
D:4:      layout_loops_corners, mainiacjoe_overflow_24_doors, item_on_display_a
D:5:      layout_loops_corners, minmay_temple_entry_antechambers,
          lightli_sewer_entry_pipes
D:6:      layout_cave_pools, uniq_sigmund
D:7:      layout_basic
D:8:      layout_rooms, uniq_pikel, uniq_maggie
D:9:      layout_irregular_city, orc_0_dummy, enter_bailey_8,
          hellmonk_guarded_unrand_vitality_bloodlust, uniq_joseph
D:10:     layout_rooms, uniq_josephine
D:11:     layout_roguey, minmay_lair_entry_grove
D:12:     minmay_tearing_corner, layout_cave_pools, gauntlet_entry_generic,
          minmay_evil_grid, uniq_snorg
D:13:     layout_stronghold, erik_vaults_1, serial_rivers,
          chequers_serial_rivers_micro_a, chequers_serial_rivers_large_a,
          chequers_serial_rivers_small_a, chequers_serial_rivers_room_a,
          uniq_kirke
D:14:     layout_gridville, ebering_ghost_rock_garden, lightli_airlock
D:15:     gammafunk_enter_depths_forms, layout_cave_pods,
          minmay_misc_feat_tower, uniq_jorgrun, uniq_azrael
Lair:1:   layout_small_grid, uniq_nergalle, uniq_gastronok
Lair:2:   layout_long_grid, dummy_snake_entry, st_stairs_6
Lair:3:   layout_long_grid, minmay_swamp_entry_worms
Lair:4:   layout_long_grid, st_stairs_10, wad_woods_road_02,
          nicolae_quartered_pool_super
Lair:5:   layout_misc_corridors
Lair:6:   grunt_lair_end_beastmaster, layout_hall_layers,
          nicolae_slime_entry_slimehenge
Swamp:1:  nicolae_swamp_decorative_isthmus, layout_basic_swamp,
          nicolae_swamp_small_spring, swamp_pool1
Swamp:2:  layout_falls_marsh, nicolae_swamp_dense_foliage, swamp_pool5,
          infiniplex_staircase_pool_2
Swamp:3:  layout_basic_swamp, evilmike_swamp_ruin_house_5, swamp_pool1
Swamp:4:  swamp_pestilence, layout_basic_swamp, swamp_pool4
Orc:1:    layout_caves, basic_altar, uniq_fannar
Orc:2:    grunt_orc_cross, layout_caves
Elf:1:    eino_elf_arrival_the_gate, layout_loops_cross, serial_shops,
          shop_fountains, portal_ice_cave_entry_pillars_1,
          minmay_elf_demonology, drop_trap, nicolae_specific_store,
          grunt_ministairs_14, uniq_roxanne
Elf:2:    nicolae_elf_blades_crystal_corner, layout_loops_corners, serial_shops,
          nicolae_diamond_shop, nicolae_danse_macabre
Elf:3:    minmay_elf_hall_furrowed, layout_loops_cross, serial_shops,
          nicolae_shop_hallway_plus

Notes
Turn   | Place    | Note
-------+----------+-------------------------------------------
     0 | D:1      | agentchuck the Spriggan Enchanter began the quest for the
                  | Orb.
     0 | D:1      | Reached XP level 1. HP: 9/9 MP: 5/5
   575 | D:1      | Reached XP level 2. HP: 13/13 MP: 6/6
   626 | D:1      | Learned a level 2 spell: Ensorcelled Hibernation
   770 | D:1      | Found Sestuysi's General Store.
   883 | D:1      | Reached skill level 4 in Hexes
  1018 | D:1      | Reached skill level 5 in Stealth
  1333 | D:1      | Reached skill level 2 in Short Blades
  1776 | D:2      | Reached XP level 3. HP: 16/16 MP: 8/8
  2213 | D:2      | Reached skill level 1 in Ice Magic
  2213 | D:2      | Reached XP level 4. HP: 21/21 MP: 9/9
  3337 | D:1      | Bought a +0 rapier for 48 gold pieces
  3337 | D:1      | Bought a scroll of fog for 24 gold pieces
  3428 | D:3      | Found a white marble altar of Elyvilon.
  3431 | D:3      | Noticed Jessica
  3467 | D:3      | Killed Jessica
  3468 | D:3      | Reached XP level 5. HP: 24/24 MP: 7/10
  3619 | D:3      | Reached skill level 6 in Stealth
  3854 | D:3      | Identified the +3 chain mail of Doahami {rF+ rN+}
  3861 | D:3      | Noticed a sky beast
  3868 | D:3      | Reached skill level 3 in Short Blades
  4064 | D:3      | Killed a sky beast
  4065 | D:3      | Reached skill level 5 in Hexes
  4065 | D:3      | Reached skill level 2 in Ice Magic
  4065 | D:3      | Reached XP level 6. HP: 28/28 MP: 4/11
  4070 | D:3      | Learned a level 3 spell: Confusing Touch
  4074 | D:3      | Learned a level 3 spell: Tukima's Dance
  4643 | D:3      | Found a runed translucent door.
  4644 | D:3      | Noticed Crazy Yiuf
  4651 | D:3      | Killed Crazy Yiuf
  4785 | D:3      | Found a faded altar of an unknown god.
  5023 | D:4      | Found a bloodstained altar of Trog.
  5729 | D:4      | Reached skill level 7 in Stealth
  5937 | D:5      | Entered Level 5 of the Dungeon
  6028 | D:5      | Reached skill level 3 in Dodging
  6028 | D:5      | Reached skill level 3 in Spellcasting
  6103 | D:5      | Reached skill level 4 in Short Blades
  6225 | D:5      | Reached XP level 7. HP: 27/32 MP: 3/12
  6303 | D:5      | Found a glowing drain.
  6325 | Sewer    | Entered a sewer
  6390 | Sewer    | Noticed Pargi
  6832 | D:5      | Reached skill level 6 in Hexes
  6877 | D:5      | Reached skill level 4 in Dodging
  6985 | D:5      | Reached skill level 4 in Spellcasting
  7140 | D:5      | Reached skill level 5 in Short Blades
  7415 | D:5      | Found a staircase to the Ecumenical Temple.
  7444 | D:5      | Reached XP level 8. HP: 36/36 MP: 15/15
  7497 | D:5      | Reached skill level 5 in Dodging
  7652 | D:5      | Learned a level 3 spell: Dazzling Flash
  7825 | D:6      | Reached skill level 7 in Hexes
  7904 | D:5      | Reached skill level 5 in Spellcasting
  8134 | D:6      | Reached skill level 1 in Conjurations
  8317 | D:6      | Noticed Sigmund
  8793 | D:6      | Killed Sigmund
  8794 | D:6      | Reached skill level 1 in Fighting
  8794 | D:6      | Reached skill level 6 in Short Blades
  8794 | D:6      | Reached skill level 6 in Dodging
  9119 | D:7      | Identified a +0 robe of the Archmagi
  9222 | D:7      | Reached XP level 9. HP: 41/41 MP: 18/18
  9295 | D:7      | Reached skill level 6 in Spellcasting
 10018 | D:8      | Noticed a two-headed ogre
 10079 | D:8      | Killed a two-headed ogre
 10080 | D:8      | Reached skill level 2 in Fighting
 10080 | D:8      | Reached skill level 7 in Dodging
 10080 | D:8      | Reached skill level 8 in Hexes
 10253 | D:8      | Reached skill level 7 in Short Blades
 10297 | D:8      | Reached skill level 7 in Spellcasting
 10320 | D:8      | Noticed Pikel
 10346 | D:8      | Reached skill level 3 in Fighting
 10357 | D:8      | Noticed Maggie
 10507 | D:8      | Killed Pikel
 10508 | D:8      | Reached skill level 8 in Dodging
 10729 | D:8      | Killed Maggie
 10730 | D:8      | Reached skill level 9 in Hexes
 10730 | D:8      | Reached XP level 10. HP: 49/49 MP: 8/22
 10967 | D:9      | Noticed a two-headed ogre
 10976 | D:9      | Killed a two-headed ogre
 11062 | D:9      | Found a staircase to the Orcish Mines.
 11083 | D:9      | Found a flagged portal.
 11195 | Bailey   | Entered a bailey
 11229 | Bailey   | Reached skill level 8 in Spellcasting
 11642 | Bailey   | Reached skill level 8 in Short Blades
 11882 | Bailey   | Reached skill level 4 in Fighting
 12052 | Bailey   | Reached skill level 1 in Armour
 12132 | Bailey   | Noticed an orc knight
 12132 | Bailey   | Noticed an orc knight
 12187 | Bailey   | Killed an orc knight
 12188 | Bailey   | Reached skill level 8 in Stealth
 12278 | Bailey   | Killed an orc knight
 12447 | Bailey   | Identified the +6 arbalest "Trog's Brutal Revenge" {penet,
                  | rN+ rCorr Int+4 Dex-3}
 12575 | D:9      | Noticed a two-headed ogre
 12583 | D:9      | Killed a two-headed ogre
 12584 | D:9      | Reached skill level 2 in Armour
 12584 | D:9      | Reached skill level 10 in Hexes
 13292 | D:9      | Noticed Joseph
 13358 | D:9      | Noticed a deep troll
 13394 | D:9      | Killed a deep troll
 13395 | D:9      | Reached skill level 9 in Stealth
 13395 | D:9      | Reached skill level 9 in Spellcasting
 13395 | D:9      | Reached XP level 11. HP: 51/54 MP: 12/25
 13479 | D:9      | Noticed a deep troll
 13485 | D:9      | Found the amulet of Vitality {Regen+ HP+15}
 13491 | D:9      | Killed a deep troll
 13492 | D:9      | Reached skill level 1 in Evocations
 13582 | D:9      | Reached skill level 5 in Fighting
 13841 | D:10     | Entered Level 10 of the Dungeon
 13841 | D:10     | Noticed Josephine
 13974 | D:10     | Reached skill level 2 in Evocations
 13976 | D:10     | Reached skill level 3 in Armour
 14460 | D:10     | Killed Josephine
 14461 | D:10     | Reached skill level 10 in Stealth
 14736 | D:11     | Noticed a boulder beetle
 14794 | D:11     | Reached skill level 11 in Hexes
 15066 | D:11     | Reached skill level 9 in Dodging
 15195 | D:11     | Found a staircase to the Lair.
 15210 | D:11     | Reached skill level 6 in Fighting
 15210 | D:11     | Reached skill level 9 in Short Blades
 15350 | D:11     | Noticed a two-headed ogre
 15368 | D:11     | Killed a two-headed ogre
 15440 | D:11     | Noticed a boulder beetle
 15777 | D:11     | Killed a boulder beetle
 15778 | D:11     | Reached XP level 12. HP: 62/62 MP: 23/26
 15778 | D:11     | Upgraded the game from 0.29-a0-23-ga79f92ac9c to
                  | 0.29-a0-25-g7f48f510a0
 15862 | Lair:1   | Entered Level 1 of the Lair of Beasts
 15939 | D:11     | Reached skill level 10 in Dodging
 16030 | D:12     | Found a gate leading to a gauntlet.
 16039 | Gauntlet | Entered a Gauntlet
 16039 | Gauntlet | Noticed a tengu warrior
 16039 | Gauntlet | Found a transporter.
 16046 | Gauntlet | Found a transporter.
 16048 | Gauntlet | Found a transporter.
 16053 | Gauntlet | Noticed a tengu warrior
 16056 | Gauntlet | Found a runed translucent gate.
 16056 | Gauntlet | Found a runed translucent gate.
 16056 | Gauntlet | Found a runed translucent gate.
 16058 | Gauntlet | Found a transporter.
 16061 | Gauntlet | Found a transporter.
 16064 | Gauntlet | Noticed a green death
 16071 | Gauntlet | Found a transporter.
 16071 | Gauntlet | Found the ring of the Hare {EV+8}
 16087 | Gauntlet | Found a transporter.
 16090 | Gauntlet | Noticed an entropy weaver
 16097 | Gauntlet | Noticed a dire elephant
 16098 | Gauntlet | Found a transporter.
 16109 | Gauntlet | Found a transporter.
 16116 | Gauntlet | Found a runed translucent door.
 16118 | Gauntlet | Found a runed translucent door.
 16120 | Gauntlet | Found a transporter.
 16137 | Gauntlet | Found a transporter.
 16148 | Gauntlet | Found a transporter.
 16148 | Gauntlet | Found a transporter.
 16203 | Gauntlet | Found a transporter.
 16413 | Gauntlet | Identified the ring of Moodiness {rF+ rN+ MP+9 Str-3 SInv}
 16468 | Gauntlet | Identified the ring "Mogayxtecad" {Fire Int+2 Dex+3}
 16574 | Gauntlet | Identified the ring "Juveafei" {rCorr MP+9 Dex+4}
 16574 | Gauntlet | Noticed a minotaur
 16591 | Gauntlet | Killed a minotaur
 16592 | Gauntlet | Reached skill level 12 in Hexes
 16760 | D:12     | Noticed a two-headed ogre
 16778 | D:12     | Killed a two-headed ogre
 16781 | D:12     | Noticed Snorg
 16969 | D:12     | Reached skill level 10 in Short Blades
 16974 | D:12     | Noticed a boulder beetle
 16981 | D:12     | Killed a boulder beetle
 16982 | D:12     | Reached skill level 7 in Fighting
 17104 | D:12     | Noticed a boulder beetle
 17113 | D:12     | Reached skill level 11 in Dodging
 17124 | D:12     | Killed a boulder beetle
 17147 | D:12     | Noticed a centaur warrior
 17152 | D:12     | Killed a centaur warrior
 17157 | D:12     | Identified the +10 hand axe of the Warrior-Mage {spect,
                  | Int+2}
 17204 | D:12     | Noticed an ogre mage
 17208 | D:12     | Noticed a death knight
 17305 | D:12     | Killed an ogre mage
 17306 | D:12     | Reached skill level 13 in Hexes
 17580 | D:12     | Noticed a deep troll earth mage
 17593 | D:12     | Killed a deep troll earth mage
 17670 | D:12     | Noticed a fire giant
 17690 | D:12     | Noticed a yaktaur captain
 17703 | D:12     | Noticed a centaur warrior
 17710 | D:12     | Killed a centaur warrior
 17713 | D:12     | Noticed a fire giant
 17713 | D:12     | Noticed an ettin
 17714 | D:12     | Noticed an orc warlord
 18000 | Lair:1   | Noticed a seven-headed hydra
 18011 | Lair:1   | Killed a seven-headed hydra
 18012 | Lair:1   | Reached skill level 12 in Dodging
 18036 | Lair:1   | Noticed Gastronok
 18209 | Lair:1   | You fall into a shaft and drop 1 floor!
 18267 | Lair:2   | Noticed a seven-headed hydra
 18319 | Lair:2   | Killed a seven-headed hydra
 18320 | Lair:2   | Reached skill level 8 in Fighting
 18320 | Lair:2   | Reached XP level 13. HP: 68/68 MP: 27/27
 18666 | Lair:2   | Found a staircase to the Snake Pit.
 18860 | Lair:2   | Reached skill level 4 in Armour
 19146 | Lair:1   | Noticed Nergalle
 19633 | Lair:1   | Killed Nergalle
 19769 | Lair:1   | Killed Gastronok
 19770 | Lair:1   | Reached skill level 11 in Stealth
 20319 | Lair:3   | Reached skill level 10 in Spellcasting
 20398 | Lair:3   | Found a staircase to the Swamp.
 20552 | Lair:3   | Reached skill level 14 in Hexes
 21190 | Lair:4   | Learned a level 4 spell: Fulminant Prism
 21350 | Lair:4   | Reached skill level 12 in Stealth
 22877 | Lair:5   | Reached skill level 9 in Fighting
 23088 | Lair:6   | Entered Level 6 of the Lair of Beasts
 23151 | Lair:6   | Reached XP level 14. HP: 75/75 MP: 29/29
 23326 | Lair:6   | Reached skill level 11 in Spellcasting
 23587 | Lair:6   | Found a staircase to the Slime Pits.
 23613 | Lair:6   | Reached skill level 13 in Stealth
 23668 | Lair:6   | Reached skill level 13 in Dodging
 23908 | Lair:6   | Reached skill level 3 in Evocations
 24872 | Lair:6   | Reached skill level 4 in Evocations
 24899 | Lair:6   | Reached skill level 15 in Hexes
 25661 | Lair:6   | Reached skill level 5 in Evocations
 26406 | Lair:6   | Reached skill level 12 in Spellcasting
 26607 | Lair:6   | Identified the +6 storm dragon scales of Midwinter {rElec
                  | rF+ Str+3}
 27185 | D:12     | Killed Snorg
 27186 | D:12     | Reached skill level 11 in Short Blades
 27395 | D:12     | Noticed a fire giant
 27627 | D:12     | Killed a fire giant
 27810 | D:13     | Reached skill level 1 in Shields
 28200 | D:13     | Found a gate to the Vaults.
 28248 | D:13     | Reached XP level 15. HP: 79/79 MP: 32/32
 28252 | D:13     | Reached skill level 5 in Armour
 28347 | D:13     | Noticed Kirke
 28387 | D:13     | Killed Kirke
 29228 | D:14     | Found a runed translucent door.
 29359 | D:14     | Found a runed translucent gate.
 29360 | D:14     | Found a runed translucent gate.
 29360 | D:14     | Found a runed translucent gate.
 29376 | D:14     | Noticed Wogiaph's ghost (journeyman OgTm)
 29691 | D:14     | Identified the +3 leather armour "Wiubrus" {rPois Regen+
                  | rCorr}
 29743 | D:15     | Entered Level 15 of the Dungeon
 29752 | D:15     | Reached skill level 2 in Shields
 30048 | D:15     | Noticed Azrael
 30259 | D:15     | Killed Azrael
 30602 | D:15     | Reached skill level 16 in Hexes
 30783 | D:15     | Noticed Jorgrun
 31014 | D:15     | Reached skill level 13 in Spellcasting
 31146 | D:15     | Noticed a fire giant
 31154 | D:15     | Noticed a quicksilver dragon
 31187 | D:15     | Noticed a shadow dragon
 31192 | D:15     | Noticed a frost giant
 31192 | D:15     | a shadow dragon changed into a frost giant
 31344 | D:11     | Upgraded the game from 0.29-a0-25-g7f48f510a0 to
                  | 0.29-a0-40-g8eb35efe60
 31425 | Swamp:1  | Entered Level 1 of the Swamp
 31512 | Swamp:1  | Reached skill level 14 in Dodging
 31512 | Swamp:1  | Reached skill level 3 in Shields
 31515 | Swamp:1  | Reached skill level 6 in Evocations
 31606 | Swamp:1  | Reached skill level 2 in Conjurations
 32485 | Swamp:1  | Reached skill level 7 in Evocations
 32545 | Swamp:2  | Reached skill level 12 in Short Blades
 32903 | Swamp:2  | Reached skill level 3 in Conjurations
 33065 | Swamp:2  | Reached skill level 4 in Shields
 33573 | Swamp:3  | Reached XP level 16. HP: 84/84 MP: 34/34
 33890 | Swamp:3  | Reached skill level 8 in Evocations
 34644 | Swamp:4  | Entered Level 4 of the Swamp
 34650 | Swamp:4  | Reached skill level 15 in Dodging
 35169 | Swamp:4  | Reached skill level 4 in Conjurations
 35368 | Swamp:4  | Reached skill level 6 in Armour
 35710 | Swamp:4  | Reached skill level 9 in Evocations
 35776 | Swamp:4  | Learned a level 4 spell: Airstrike
 35904 | Swamp:4  | Reached skill level 5 in Shields
 36433 | Swamp:4  | Noticed a bone dragon
 36651 | Swamp:4  | Reached skill level 1 in Air Magic
 36654 | Swamp:4  | Got a decaying rune of Zot
 37215 | Orc:1    | Entered Level 1 of the Orcish Mines
 37298 | Orc:1    | Noticed Fannar
 37356 | Orc:1    | Killed Fannar
 37601 | Orc:1    | Reached skill level 2 in Air Magic
 37821 | Orc:2    | Entered Level 2 of the Orcish Mines
 37964 | Orc:1    | Reached skill level 13 in Short Blades
 38029 | Orc:2    | Found a staircase to the Elven Halls.
 38893 | Orc:2    | Found Qocoteca's Book Boutique.
 38903 | Orc:2    | Reached skill level 3 in Air Magic
 38907 | Orc:2    | Found Cesuwys's Antique Armour Boutique.
 38930 | Orc:2    | Found Gunokum's General Store.
 38996 | Orc:2    | Found Cufufo's Antique Weapon Boutique.
 39003 | Orc:2    | Bought a jewelled hunting sling for 175 gold pieces
 39003 | Orc:2    | Identified the +3 hunting sling "Dehuwkoz" {venom, Drain
                  | Str+7 Dex+7} (You bought it in a shop on level 2 of the
                  | Orcish Mines)
 39020 | Orc:2    | Bought a book of Armaments for 360 gold pieces
 39020 | Orc:2    | Bought a book of Vapours for 120 gold pieces
 39020 | Orc:2    | Bought a book of Cantrips for 120 gold pieces
 39020 | Orc:2    | Bought a book of Burglary for 200 gold pieces
 39023 | Orc:2    | Learned a level 2 spell: Poisonous Vapours
 39025 | Orc:2    | Learned a level 1 spell: Apportation
 39029 | Orc:2    | Learned a level 3 spell: Stone Arrow
 39032 | Orc:2    | Learned a level 2 spell: Passwall
 39504 | Orc:2    | Bought a scroll of enchant weapon for 112 gold pieces
 39504 | Orc:2    | Bought a scroll of teleportation for 45 gold pieces
 39504 | Orc:2    | Bought a scroll of teleportation for 45 gold pieces
 39583 | Elf:1    | Entered Level 1 of the Elven Halls
 39805 | Elf:1    | Identified Roxanne's Tome of Transmigration
 39805 | Elf:1    | Noticed Roxanne
 40141 | Elf:1    | Reached skill level 4 in Air Magic
 40175 | Elf:1    | Found a frozen archway.
 40187 | IceCv    | Entered an ice cave
 40188 | IceCv    | Found a transporter.
 40337 | Elf:1    | Reached skill level 5 in Air Magic
 40427 | Elf:1    | Got Mnoleg's Reference Book on the Escort
 40795 | Elf:1    | Reached XP level 17. HP: 88/88 MP: 35/35
 40998 | Elf:1    | Reached skill level 6 in Air Magic
 41034 | Elf:1    | Paralysed by an air elemental for 1 turns
 41636 | Elf:1    | Identified a scarf of resistance
 41639 | Elf:1    | Found Qadijoz's Specific Store.
 41641 | Elf:1    | Found Taneah's General Store.
 41645 | Elf:1    | Bought a wand of iceblast (2) for 78 gold pieces
 41645 | Elf:1    | Bought a scroll of fog for 26 gold pieces
 41657 | Elf:1    | Bought 2 scrolls of immolation for 84 gold pieces
 41728 | Elf:1    | Found Cinwulya's Weapon Shop.
 42046 | Elf:1    | Bought a +0 quick blade for 210 gold pieces
 42064 | Elf:2    | Paralysed by an air elemental for 1 turns
 42101 | Elf:2    | Found a runed translucent door.
 42103 | Elf:2    | Found a shadowy altar of Dithmenos.
 42153 | Elf:1    | Reached skill level 7 in Air Magic
 43051 | Elf:2    | Found Iheis's Antique Armour Emporium.
 43163 | Elf:2    | Reached skill level 8 in Air Magic
 43949 | Elf:2    | Reached skill level 9 in Air Magic
 44041 | Elf:2    | Found a runed translucent gate.
 44043 | Elf:2    | Found a runed translucent gate.
 44043 | Elf:2    | Found a runed translucent gate.
 44231 | Elf:3    | Entered Level 3 of the Elven Halls
 44434 | Elf:3    | Found Keckobb's Weapon Emporium.
 44694 | Elf:3    | Learned a level 3 spell: Swiftness
 44699 | Elf:3    | Paralysed by an air elemental for 1 turns
 45137 | Elf:3    | Identified the +9 short sword of Ambiguity {vorpal, rF++}
 45879 | Elf:3    | Reached skill level 1 in Earth Magic
 46168 | Elf:3    | Noticed a deep elf blademaster
 46316 | Elf:3    | Noticed a deep elf master archer
 46416 | Elf:3    | Reached skill level 14 in Spellcasting
 46421 | Elf:3    | Identified the ring of Ru's Whim {Ice MP+9 Slay+5}
 46422 | Elf:3    | Identified the ring "Hafreib" {Drain Fly rC+ Str+3 Int+6}
 46602 | Elf:3    | Noticed a deep elf blademaster
 46624 | Elf:3    | Shot with an arrow by a deep elf master archer

Vanquished Creatures
  Gastronok (Lair:1)
  Kirke (D:13)
  A fenstrider witch (Swamp:3)
  A fire giant (D:12)
  3 deep elf sorcerers
  An orc warlord (Orc:2)
  3 deep elf elementalists
  7 bunyips
  4 deep elf annihilators
  An eleionoma (Swamp:1)
  4 deep elf demonologists
  A minotaur (Gauntlet)
  Azrael (D:15)
  2 deep elf death magi
  Snorg (D:12)
  2 great orbs of eyes (D:15)
  Josephine (D:10)
  2 shambling mangroves
  A deep elf high priest (Elf:3)
  Fannar (Orc:1)
  5 centaur warriors
  3 ghost crabs
  17 hydras
  An ogre mage (D:12)
  2 catoblepae (Lair:6)
  3 boulder beetles
  16 dancing weapons
  A death knight (D:12)
  A deep troll earth mage (D:12)
  A deep troll shaman (Lair:6)
  6 two-headed ogres
  12 alligators
  10 death yaks (Lair:6)
  4 orc high priests
  5 spriggans
  5 deep elf knights
  Nergalle (Lair:1)
  3 skeletal warriors
  5 goliath frogs
  A death drake (Swamp:4)
  2 deep trolls (D:9)
  A flayed ghost (D:12)
  4 spectral hydras (Swamp:4)
  A spriggan druid (Swamp:2)
  2 phantasmal warriors (Swamp:4)
  8 bog bodies
  2 swamp dragons
  8 deep elf archers
  Pikel (D:8)
  5 orc knights
  6 orc sorcerers
  22 deep elf pyromancers
  16 deep elf zephyrmancers
  6 cyclopes
  7 ugly things
  4 will-o-the-wisps
  7 manticores
  13 elephants
  A torpor snail (Lair:6)
  2 black mambas
  15 cane toads
  2 gargoyles
  Maggie (D:8)
  10 komodo dragons
  2 efreet (D:14)
  4 rime drakes
  6 swamp worm zombies (Swamp:4)
  7 trolls
  4 hydra zombies (Swamp:4)
  A bloated husk (Swamp:1)
  2 polar bears
  6 tyrant leeches
  An alligator zombie (Swamp:4)
  5 dream sheep (Lair:5)
  8 hornets
  19 blink frogs
  A spectral swamp dragon (Swamp:4)
  8 slime creatures
  3 air elementals
  A centaur simulacrum (D:12)
  Sigmund (D:6)
  7 wraiths
  3 shadows
  A vampire (D:12)
  3 wyverns
  6 basilisks
  29 yaks
  8 fire elementals
  2 water elementals (Elf:2)
  4 hogs (D:13)
  11 vampire mosquitoes
  3 steam dragons
  14 swamp worms
  2 redbacks (Gauntlet)
  4 wargs (Orc:2)
  4 hell hounds
  15 water moccasins
  34 orc warriors
  An ice beast (D:6)
  A sky beast (D:3)
  3 black bears
  A necrophage (D:5)
  3 swamp dragon zombies (Swamp:4)
  17 wolves
  6 ogres
  8 centaurs
  4 lemures (D:8)
  6 phantoms
  4 kobold brigands
  14 bullfrogs
  A scorpion (D:7)
  A water moccasin zombie (D:5)
  A water moccasin skeleton (D:7)
  4 killer bees (D:9)
  2 electric eels (Lair:4)
  2 howler monkeys (D:5)
  9 centaur zombies
  7 jellies
  Crazy Yiuf (D:3)
  A centaur skeleton (D:7)
  4 hounds
  16 orc priests
  Jessica (D:3)
  5 iguanas
  20 orc wizards
  2 hound skeletons
  14 adders
  2 swamp drake zombies (Swamp:4)
  A shadow imp (D:7)
  An ufetubus (D:5)
  7 worms
  2 dart slugs
  61 orcs
  12 endoplasms
  3 giant cockroaches
  10 goblins
  9 hobgoblins
  3 jackals
  4 quokkas
  3 ball pythons
  15 bats
  7 frilled lizards
  27 kobolds
  9 rats
  3 fulminant prisms
854 creatures vanquished.

Vanquished Creatures (others)
  An ugly thing (D:14)
  3 bloated husks
  A dancing weapon (D:12)
  An air elemental (Elf:2)
  A water moccasin (Lair:6)
  An orc warrior (Orc:2)
  3 wolves (Lair:6)
  3 phantoms (Swamp:4)
  An orc wizard (Orc:2)
  4 demonic plants (Gauntlet)
  24 foxfires
  195 fulminant prisms
  42 fungi
  60 plants
340 creatures vanquished.

Grand Total: 1194 creatures vanquished

Table legend: (Time is in decaauts)
 A = Elapsed time spent in this place.
 B = Non-inter-level travel time spent in this place.
 C = Inter-level travel time spent in this place.
 D = Time resting spent in this place.
 E = Time spent auto-exploring this place.
 F = Levels seen in this place.
 G = Mean time per level.
                   A        B        C        D        E       F      G
               +--------+--------+--------+--------+--------+-----+--------+
         Total |  36647 |  35062 |   1585 |  14395 |   9069 |  34 | 1077.9 |
       Dungeon |  15648 |  14809 |    839 |   5091 |   4978 |  15 | 1043.2 |
          Lair |   6849 |   6410 |    439 |   2213 |   2046 |   6 | 1141.5 |
         Swamp |   4817 |   4648 |    169 |   1938 |    764 |   4 | 1204.2 |
  Orcish Mines |   2127 |   2054 |     73 |    825 |    346 |   2 | 1063.5 |
   Elven Halls |   5636 |   5572 |     64 |   3610 |    750 |   3 | 1878.7 |
         Sewer |    129 |    129 |      0 |     42 |      0 |   1 |  129.0 |
        Bailey |   1048 |   1048 |      0 |    587 |     63 |   1 | 1048.0 |
      Ice Cave |      4 |      4 |      0 |      0 |      0 |   1 |    4.0 |
      Gauntlet |    385 |    385 |      0 |     86 |    119 |   1 |  385.0 |
               +--------+--------+--------+--------+--------+-----+--------+

Top non-repeatable levels by time:
  Lair:6: 2674 daAuts
   Elf:1: 1943 daAuts
   Elf:2: 1942 daAuts
 Swamp:4: 1895 daAuts
     D:5: 1874 daAuts
   Elf:3: 1749 daAuts
     D:1: 1744 daAuts
    D:12: 1556 daAuts
   Orc:2: 1403 daAuts
 Swamp:1: 1232 daAuts
    D:11: 1171 daAuts
     D:9: 1146 daAuts
     D:2: 1106 daAuts
  Lair:5: 1065 daAuts
  Bailey: 1048 daAuts

Table legend:
 A = Non-vault XP
 B = Vault XP
 C = Vault XP percentage of total XP
 D = Non-vault monster count
 E = Vault monster count
 F = Vault count percentage of total count
                 A         B        C        D         E       F
            +---------+---------+-------+---------+---------+-------
      Total |  169438 |   95076 |  35.9 |     592 |     262 |  30.7
            +---------+---------+-------+---------+---------+-------
        D:1 |      42 |       0 |   0.0 |      25 |       0 |   0.0
        D:2 |     100 |      18 |  15.3 |      24 |       3 |  11.1
        D:3 |      54 |     243 |  81.8 |      14 |      15 |  51.7
        D:4 |     121 |       0 |   0.0 |      16 |       0 |   0.0
        D:5 |    1209 |      85 |   6.6 |      26 |      12 |  31.6
        D:6 |     534 |     220 |  29.2 |      10 |       1 |   9.1
        D:7 |     456 |       0 |   0.0 |       8 |       0 |   0.0
        D:8 |    2107 |    1024 |  32.7 |      30 |       2 |   6.2
        D:9 |    2620 |    1877 |  41.7 |      24 |       4 |  14.3
       D:10 |    1535 |    1536 |  50.0 |       7 |       4 |  36.4
       D:11 |    6607 |    1657 |  20.1 |      21 |      12 |  36.4
       D:12 |    4720 |   13363 |  73.9 |      12 |      20 |  62.5
       D:13 |    3397 |    3849 |  53.1 |       7 |       7 |  50.0
       D:14 |    5923 |     754 |  11.3 |      13 |       4 |  23.5
       D:15 |    8005 |    4126 |  34.0 |      14 |      10 |  41.7
     Lair:1 |    3695 |    2289 |  38.3 |      14 |       2 |  12.5
     Lair:2 |    5204 |     151 |   2.8 |      20 |       1 |   4.8
     Lair:3 |    4902 |     447 |   8.4 |      19 |       2 |   9.5
     Lair:4 |    4996 |     747 |  13.0 |      18 |       2 |  10.0
     Lair:5 |    7085 |       0 |   0.0 |      21 |       0 |   0.0
     Lair:6 |   15516 |   10367 |  40.1 |      44 |      24 |  35.3
    Swamp:1 |   15939 |       0 |   0.0 |      26 |       0 |   0.0
    Swamp:2 |    9706 |       0 |   0.0 |      17 |       0 |   0.0
    Swamp:3 |   15168 |     111 |   0.7 |      26 |       1 |   3.7
    Swamp:4 |    8740 |   12918 |  59.6 |      15 |      36 |  70.6
      Orc:1 |    4705 |    2499 |  34.7 |      37 |       5 |  11.9
      Orc:2 |    4182 |    6956 |  62.5 |      31 |      36 |  53.7
      Elf:1 |   13583 |    8273 |  37.9 |      20 |      13 |  39.4
      Elf:2 |   13307 |    7486 |  36.0 |      23 |       8 |  25.8
      Elf:3 |    5280 |   10385 |  66.3 |      10 |      10 |  50.0
      Sewer |       0 |      10 | 100.0 |       0 |       6 | 100.0
     Bailey |       0 |    2344 | 100.0 |       0 |      19 | 100.0
   Gauntlet |       0 |    1341 | 100.0 |       0 |       3 | 100.0
            +---------+---------+-------+---------+---------+-------
